 Dungeon Crawl Stone Soup version 0.25-a0-156-g0c4bda3fdf (webtiles) character file.

Game seed: 11460190011387463431, levelgen mode: deterministic

37 Leeroy the Slasher (level 3, 0/29 HPs)
             Began as a Draconian Skald on Nov 20, 2019.
             Succumbed to an adder's poison
             ... on level 2 of the Dungeon.
             The game lasted 00:04:31 (1116 turns).

Leeroy the Slasher (Draconian Skald)                Turns: 1116, Time: 00:04:31

Health: 0/29       AC:  5    Str: 13    XL:     3   Next: 23%
Magic:  6/6        EV: 18    Int: 13    God:
Gold:   34         SH:  0    Dex: 16    Spells: 5/6 levels left

rFire    . . .     SeeInvis .   e - -2 dagger (curse)
rCold    . . .     Gourm    .   (no shield)
rNeg     . . .     Faith    .   (armour unavailable)
rPois    .         Spirit   .   (helmet restricted)
rElec    .         Reflect  .   (no cloak)
rCorr    .         Harm     .   (no gloves)
MR       .....                  (no boots)
Stlth    ++........             (no amulet)
HPRegen  0.09/turn              (no ring)
MPRegen  0.10/turn              (no ring)

@: agile, lethally poisoned (0 -> -5), berserk cooldown, flying, slowed, very
slow
A: unfitting armour, cold-blooded, AC +5
a: no special abilities


You were on level 2 of the Dungeon.
You were not hungry.

You visited 1 branch of the dungeon, and saw 2 of its levels.

You collected 34 gold pieces.

Inventory:

Hand Weapons
 a - a +0 falchion
 e - a cursed -2 dagger (weapon)
 m - a +1 short sword of venom
Missiles
 b - 19 poisoned darts (quivered)
 d - 5 boomerangs
 n - 22 stones
Jewellery
 g - an uncursed ring of see invisible {unknown}
 k - an uncursed ring of ice {unknown}
Scrolls
 h - a scroll of enchant armour
Comestibles
 c - 3 rations


   Skills:
 - Level 2.1 Fighting
 + Level 3.7 Long Blades
 - Level 2.1 Dodging
 - Level 2.0 Spellcasting
 - Level 2.6 Charms


You had 5 spell levels left.
You knew the following spells:

 Your Spells              Type           Power        Failure   Level  Hunger
a - Infusion              Chrm           #...         9%          1    ##.....

Your spell library contained the following spells:

 Spells                   Type           Power        Failure   Level  Hunger
 Song of Slaying          Chrm           #.......     13%         2    ###....
 Shroud of Golubria       Chrm/Tloc      #.....       22%         2    ###....
 Regeneration             Chrm/Necr      #.........   41%         3    ####...
 Spectral Weapon          Hex/Chrm       #.......     41%         3    ####...


Dungeon Overview and Level Annotations

Branches:
Dungeon (2/15)

Altars:
The Shining One

Annotations:
D:2 Sigmund


Innate Abilities, Weirdness & Mutations

Your plain brown scales are hard. (AC +5)
You cannot fit into any form of body armour.
You are cold-blooded and may be slowed by cold attacks.


Message History

You feel sick. The bat misses you. The giant cockroach misses you.
You miss the bat. The bat completely misses you.
You puncture the bat!
You kill the bat!
The giant cockroach bites you but does no damage.
You hit the giant cockroach.
You kill the giant cockroach!
* * * LOW HITPOINT WARNING * * *
You feel sick.
You see here a giant cockroach corpse.
You feel a strong urge to attack something.
* * * LOW HITPOINT WARNING * * *
You feel sick.
You feel your anger nearly subside.
You are no longer berserk.
You are exhausted.
You feel yourself slow down.
You feel more agile all of a sudden.
* * * LOW HITPOINT WARNING * * *
You feel sick.
You die...

.. #≈≈ ....###≈≈≈≈≈≈#
..........≈≈.
..........≈≈
#.....≈≈.... .
#....≈..≈≈.. ...
##....≈....≈≈
.....######†.....≈≈⌠....
.......@...†......⌠≈≈...
.....#######...≈≈....≈..
... #..≈..≈≈..≈.. .
#..≈....≈≈...
##÷..≈≈.......
###.....≈≈......
#....###≈≈≈≈≈≈## #.#...#
#≈≈≈≈### ###...# ##### #


There were no monsters in sight!

Vanquished Creatures
  An adder (D:2)
  An ooze (D:1)
  A dart slug (D:1)
  A leopard gecko (D:2)
  4 bats
  3 giant cockroaches
  A goblin (D:1)
  2 hobgoblins (D:1)
  5 frilled lizards
  A kobold (D:1)
  4 rats
24 creatures vanquished.

Notes
Turn   | Place    | Note
-------+----------+-------------------------------------------
     0 | D:1      | Leeroy the Draconian Skald began the quest for the Orb.
     0 | D:1      | Reached XP level 1. HP: 17/17 MP: 3/3
   323 | D:1      | Reached XP level 2. HP: 14/24 MP: 5/5
   335 | D:1      | Reached skill level 3 in Long Blades
   967 | D:2      | Found a glowing golden altar of the Shining One.
   995 | D:2      | Noticed Sigmund
  1107 | D:2      | Reached XP level 3. HP: 6/29 MP: 6/6
  1115 | D:2      | HP: 1/29 [poisoned by an adder]
  1116 | D:2      | Succumbed to an adder's poison

Levels and vault maps discovered:
D:1:      erik_arrival_cave_to_civilisation [erik_arrival_cave_to_hall],
          layout_basic
D:2:      cheibrodos_helix_gallery, layout_rooms, zin_scriptorium,
          nicolae_overflow_crystal_walls, uniq_crazy_yiuf_cottage, uniq_robin,
          uniq_sigmund

Skill      XL: |  1  2 |
---------------+-------+-----
Long Blades    | 3 |  3.7
Fighting       | |  2.1
Dodging        | |  2.1
Spellcasting   | |  2.0
Charms         | |  2.6

Action                   || total
-------------------------++-------
Melee: Falchion          ||    20
       Tailslap          ||    13
       Dagger            ||   115
  Use: Scroll            ||     5
       Potion            ||     4
 Stab: Sleeping          ||     1
  Eat: Chunk             ||     1
Armor: Skin              ||    36
Dodge: Dodged            ||    80
       Rpst.: Falchion   ||     5

Table legend:
 A = Non-vault XP
 B = Vault XP
 C = Vault XP percentage of total XP
 D = Non-vault monster count
 E = Vault monster count
 F = Vault count percentage of total count
                 A         B        C        D         E       F
            +---------+---------+-------+---------+---------+-------
      Total |      50 |       4 |   7.4 |      22 |       2 |   8.3
            +---------+---------+-------+---------+---------+-------
        D:1 |      32 |       0 |   0.0 |      17 |       0 |   0.0
        D:2 |      18 |       4 |  18.2 |       5 |       2 |  28.6
            +---------+---------+-------+---------+---------+-------
